[Event "*** Titled Tuesday Blitz"]
[Site "Chess.com"]
[Date "2021.03.30"]
[Round "7"]
[White "crazyluzhinTh3"]
[Black "Aleksey_Sorokin"]
[Result "0-1"]
[WhiteElo "2530"]
[BlackElo "2771"]
[TimeControl "180+1"]
[EndTime "11:18:45 PDT"]
[Termination "Aleksey_Sorokin won by checkmate"]

1. e4 c6 2. d4 d5 3. e5 Bf5 4.
Nf3 Bg4 5. Be2 e6 6. O-O Nh6 7. b3 Qb6 8. c4 Nf5 9. c5 Qc7 10.
h3 Bxf3 11. Bxf3 Nd7 12. Bb2 O-O-O 13. b4 Nh4 14. Be2 f6 15. f4 g5 16. Bg4 f5 17.
Bh5 Be7 18. Bc1 Rdg8 19. Rf2 Rg7 20. a4 Rhg8 21. Raa2 g4 22. hxg4 fxg4 23. g3 Nf5 24. Kg2 Qd8 25. Nc3 Bh4 26. Ne2 Nf8 27. b5 Ng6 28. bxc6 bxc6 29. Qd3 Kb8 30. Rb2+ Ka8 31. Qa6 Rc7 32. Bxg6 Rxg6 33. Rb3 h5 34. gxh4 g3 35. Rf1 Qxh4 36. Rh1 Qg4 37. Rf3 Nh4+ 38. Rxh4 Qxh4 39.
Nxg3 Qg4 40. f5 exf5 41. Bf4 h4 42. e6 Rb7 43. Qxc6 Rg8 44. e7 a5 45. e8=Q+ Rxe8 46. Qxe8+ Ka7 47. Qc6 Rb2+ 48. Rf2 h3+ 49. Kg1 Qd1+ 50.
Kh2 Rxf2+ 51. Kxh3 Qg4# 0-1

[Event "*** Titled Tuesday Blitz"]
[Site "Chess.com"]
[Date "2021.03.30"]
[Round "7"]
[White "ChessFunMaker"]
[Black "Maddie"]
[Result "1-0"]
[WhiteElo "2244"]
[BlackElo "2057"]
[TimeControl "180+1"]
[EndTime "11:18:46 PDT"]
[Termination "ChessFunMaker won by checkmate"]

1. c4 c6 2. Nf3 d5 3. g3 Nf6 4. Bg2 dxc4 5. O-O Bf5 6. Na3 e6 7. Nxc4 Be7 8. d3 O-O 9. Rb1 Nbd7 10. b4 Nb6 11. Na5 Qc7 12. Qc2 Nbd5 13. a3 c5 14. e4 Nxb4 15. axb4 Bg6 16. Bf4 Qb6 17. Nc4 Qc6 18.
Nce5 Qc8 19. Nxg6 hxg6 20. bxc5 Bxc5 21. d4 Bb6 22. Qd3 Rd8 23. Bg5 Rd7 24. Rfc1 Rc7 25. Rxc7 Qxc7 26. Bxf6 gxf6 27. d5 Rd8 28. Nd2 a5 29.
Nc4 Bc5 30. Qf3 exd5 31. exd5 Bxf2+ 32. Qxf2 Qxc4 33. Qxf6 Qc5+ 34. Qf2 Qe7 35. Qb6 a4 36. Qxb7 Qe3+ 37. Kh1 a3 38. Rf1 Qe8 39. Qa7 Ra8 40. Qd4 a2 41. d6 Qe2 42. d7 Qe7 43.
Bxa8 Qd8 44. Re1 Qxa8+ 45. Kg1 Qd8 46. Re8+ Qxe8 47.
dxe8=Q+ Kh7 48. Qeh8# 1-0

[Event "*** Titled Tuesday Blitz"]
[Site "Chess.com"]
[Date "2021.03.30"]
[Round "7"]
[White "Kildepiotr"]
[Black "federicosellitti"]
[Result "0-1"]
[WhiteElo "2674"]
[BlackElo "2561"]
[TimeControl "180+1"]
[EndTime "11:18:47 PDT"]
[Termination "federicosellitti won by resignation"]

1. Nf3 Nf6 2. g3 g6 3. Bg2 Bg7 4. O-O O-O 5. d4 d5 6. c4 c6 7. Nc3 dxc4 8. a4 Nbd7 9. e3 Re8 10. Qe2 e5 11. dxe5 Nxe5 12. Nxe5 Rxe5 13. Qxc4 a5 14. e4 Qb6 15. Be3 Qb4 16. Qe2 Be6 17.
Rfd1 Bc4 18. Qd2 Rae8 19. f4 R5e6 20. Bf3 Bb3 21. Re1 Nxe4 22. Nxe4 Rxe4 23. Bxe4 Rxe4 24.
Qxb4 Rxb4 25. Bc5 Bd4+ 26. Bxd4 Rxd4 27. Ra3 Bd5 28. Rae3 Rxa4 29. Kf2 Rb4 30. R1e2 b5 31. Re7 Kg7 32. Ra7 a4 33. Rd2 Bb3 34. Ke3 Bd5 35. Rd7 h5 36. Re7 Rb3+ 37. Kf2 b4 38. Re3 a3 39. bxa3 bxa3 40. Rxb3 Bxb3 41. Rd7 a2 42. Ra7 Kf6 43. Ke3 c5 44. h3 g5 45. fxg5+ Kxg5 46. Ra5 f5 47. Ra6 h4 48. gxh4+ Kxh4 49. Kf4 Kxh3 50. Kxf5 Kg2 51. Ke4 Kf2 52. Ra3 Ke2 53. Ke5 c4 54. Kd4 Kd2 55. Ra7 Kc2 56. Ra5 Kb2 0-1

[Event "*** Titled Tuesday Blitz"]
[Site "Chess.com"]
[Date "2021.03.30"]
[Round "7"]
[White "Fy_Rakotomaharo"]
[Black "anon481216"]
[Result "0-1"]
[WhiteElo "2692"]
[BlackElo "2527"]
[TimeControl "180+1"]
[EndTime "11:18:47 PDT"]
[Termination "anon481216 won by resignation"]

1. e4 c5 2. Nf3 e6 3. d4 cxd4 4.
Nxd4 Nc6 5. Nc3 Qc7 6. g3 a6 7. Bg2 d6 8. O-O Bd7 9. Re1 Be7 10. Nxc6 Bxc6 11. a4 Nf6 12. a5 O-O 13. Be3 Rac8 14. Bb6 Qb8 15. Bd4 Nd7 16. Na4 Qc7 17.
Nb6 Nxb6 18. Bxb6 Qb8 19. Qd2 Bd8 20. Bd4 Be7 21. Rad1 Rfd8 22. f4 d5 23. e5 Bb5 24.
b4 Ba4 25. Rc1 Rc6 26. c3 Rdc8 27. f5 Bf8 28. Rf1 Bb5 29. Rf4 Bxb4 30. f6 g6 31.
h4 Bf8 32. h5 g5 33. Rf2 h6 34. Re1 Qc7 35. Kh2 Qxa5 36. Qe3 Qc7 37. Rd2 Rxc3 38. Bxc3 Qxc3 39. Qf2 Bc5 40. Rc2 Bxf2 41. Rxc3 Rxc3 42. Rd1 a5 43. Bxd5 Bxg3+ 44. Kh1 exd5 45. Kg1 Bc6 0-1

[Event "*** Titled Tuesday Blitz"]
[Site "Chess.com"]
[Date "2021.03.30"]
[Round "7"]
[White "mbojan"]
[Black "Gentlejimmy7"]
[Result "1-0"]
[WhiteElo "2668"]
[BlackElo "2494"]
[TimeControl "180+1"]
[EndTime "11:18:47 PDT"]
[Termination "mbojan won by resignation"]

1. g3 Nf6 2. Bg2 d5 3. d3 g6 4. Nd2 Bg7 5. e4 Nc6 6. Nh3 Bg4 7. f3 Bc8 8. Nf2 O-O 9. O-O e5 10. f4 exf4 11. gxf4 dxe4 12. dxe4 Nh5 13. Nd3 Qd4+ 14. Kh1 Qe3 15. Nb3 Qb6 16. Qe2 Nd4 17. Nxd4 Bxd4 18.
c3 Bg7 19. Be3 Qa6 20. Rad1 Rd8 21. f5 Bd7 22. Qf2 Bb5 23. Nb4 Qf6 24. Nd5 Rxd5 25. exd5 Bxf1 26. Rxf1 Re8 27. fxg6 Qxf2 28. gxh7+ Kxh7 29.
Bxf2 Re2 30. Bf3 Rxb2 31. Bxh5 Bxc3 32. Bxf7 Rxa2 33. d6 Rc2 34. Bb3 Rxf2 35. Rxf2 cxd6 36. Bd5 b5 37. Ra2 a5 38. Kg2 Kg6 39. Kf3 Kf5 40. Bc6 b4 41. Rxa5+ Ke6 42. Bd5+ Ke5 43. Ke3 Bd4+ 44.
Kd3 Bg1 45. Bb3+ Kf4 46. h4 Bf2 47. h5 Be1 48. h6 Bc3 49. h7 Kg4 50. Ra8 Kg5 51.
h8=Q 1-0

[Event "*** Titled Tuesday Blitz"]
[Site "Chess.com"]
[Date "2021.03.30"]
[Round "7"]
[White "Sueetin"]
[Black "GMRafpig"]
[Result "0-1"]
[WhiteElo "2428"]
[BlackElo "2592"]
[TimeControl "180+1"]
[EndTime "11:18:47 PDT"]
[Termination "GMRafpig won on time"]

1. d4 Nf6 2. c4 e6 3. Nf3 d5 4. Nc3 dxc4 5. e4 b5 6. e5 Nd5 7. Nxb5 Nb6 8. Be2 Be7 9. O-O Nc6 10. Be3 O-O 11. Rc1 Ba6 12. Nc3 Nb4 13. Nd2 Nd3 14. Rb1 c5 15. dxc5 Bxc5 16. Bxc5 Nxc5 17. Nde4 Nxe4 18.
Qxd8 Rfxd8 19. Nxe4 Rd5 20. f4 Rad8 21. Nd6 Rd2 22. Rf2 f6 23. Bf1 Rd5 24. b3 fxe5 25. fxe5 Rxe5 26. Nxc4 Nxc4 27. Bxc4 Bxc4 28. bxc4 Rc5 29.
Rb7 Rd1+ 30. Rf1 Rxf1+ 31. Kxf1 Ra5 32. Rb2 Kf8 33. Ke2 Ra3 34. Kd2 Ke7 35. Rb7+ Kd6 36. Rxg7 Rxa2+ 37. Kc3 h5 38. Rh7 Rxg2 39. Rxh5 Rg7 40.
Ra5 Rh7 41. Ra6+ Ke5 42. h4 Rc7 43. h5 Rh7 44. h6 Kf5 45. Kd4 e5+ 46. Ke3 Rb7 47.
c5 Rc7 48. c6 Rh7 0-1

[Event "*** Titled Tuesday Blitz"]
[Site "Chess.com"]
[Date "2021.03.30"]
[Round "7"]
[White "Sadykov_Ramil"]
[Black "DrCeltic"]
[Result "1-0"]
[WhiteElo "2596"]
[BlackElo "2429"]
[TimeControl "180+1"]
[EndTime "11:18:48 PDT"]
[Termination "Sadykov_Ramil won on time"]

1. e4 c5 2. Nf3 e6 3. d4 cxd4 4.
Nxd4 a6 5. Nc3 Qc7 6. Qf3 Nf6 7. Qg3 d6 8. Be3 b5 9. a3 Bb7 10. f3 Nbd7 11. O-O-O Rc8 12. Kb1 Qb8 13. Nb3 Ne5 14.
Na5 Ba8 15. Qf2 Nfd7 16. g4 Be7 17. Na2 Qc7 18. Nb3 Nc4 19. Bc1 O-O 20. h4 a5 21.
g5 d5 22. Bd3 Nde5 23. Rhe1 dxe4 24. Bxe4 Bxe4 25. Rxe4 a4 26. Nd4 Bc5 27. c3 Nc6 28.
Qc2 Nxd4 29. cxd4 Bd6 30. Ka1 Rfd8 31. d5 e5 32. f4 Qb7 33. f5 Na5 34. Qd3 Nb3+ 35.
Kb1 b4 36. axb4 Rd7 37. g6 Rdc7 38. gxf7+ Kxf7 39. Be3 Kg8 40. f6 g6 41. h5 Rf7 42.
hxg6 hxg6 43. Rg4 1-0

[Event "*** Titled Tuesday Blitz"]
[Site "Chess.com"]
[Date "2021.03.30"]
[Round "7"]
[White "PavelChernomordik"]
[Black "MasterKroket"]
[Result "0-1"]
[WhiteElo "2381"]
[BlackElo "2523"]
[TimeControl "180+1"]
[EndTime "11:18:49 PDT"]
[Termination "MasterKroket won on time"]

1. e4 c5 2. Nc3 Nc6 3. Bb5 Nd4 4.
Bc4 a6 5. a4 e6 6. Nge2 Ne7 7.
O-O Nec6 8. d3 Be7 9. f4 f5 10. Ng3 O-O 11. Nce2 d5 12. Ba2 Kh8 13. c3 Nxe2+ 14.
Qxe2 b5 15. axb5 axb5 16. Bd2 Bb7 17. exd5 exd5 18. Qe6 c4 19. d4 Qd6 20. Rfe1 Qxe6 21.
Rxe6 g6 22. b3 cxb3 23. Bxb3 Rxa1+ 24. Kf2 Rd8 25. Nf1 Kg8 26. Re2 b4 27. Ne3 bxc3 28.
Bxc3 Rc1 29. Nxd5 Rxd5 30. Bxd5+ Kf8 31. Bd2 Rd1 32. Bb3 Rb1 33. Bc2 Rb2 34. Bc3 Ra2 35. d5 Nb4 36. Rxe7 Kxe7 37. Bxb4+ Kd7 38. Ke3 Rxc2 39.
Kd4 Rxg2 40. h4 Rg4 41. Ke5 Rxh4 42. Bf8 Rg4 43. d6 h5 44. Be7 h4 0-1

[Event "*** Titled Tuesday Blitz"]
[Site "Chess.com"]
[Date "2021.03.30"]
[Round "7"]
[White "Artyom_ChessMate"]
[Black "tjychess"]
[Result "1-0"]
[WhiteElo "2562"]
[BlackElo "2680"]
[TimeControl "180+1"]
[EndTime "11:18:50 PDT"]
[Termination "Artyom_ChessMate won on time"]

1. e4 e5 2. Nf3 Nc6 3. Bb5 a6 4. Bxc6 dxc6 5. O-O f6 6. d4 Bg4 7. c3 Qd7 8. h3 Bxf3 9. Qxf3 O-O-O 10. Be3 Ne7 11.
dxe5 fxe5 12. Nd2 Qe6 13. b4 Ng6 14. a4 Be7 15. b5 a5 16. Rfb1 Rhf8 17. Qe2 Nf4 18.
Bxf4 exf4 19. Nf3 Bc5 20. bxc6 Qxc6 21. Rb5 b6 22. Ne5 Qe6 23. Nd3 Be7 24. f3 Qc4 25. Rd1 Qxa4 26. Rd5 Rxd5 27. exd5 Bd6 28. Nb2 Qb3 29.
Kh1 Kb8 30. Re1 Qxc3 31. Nc4 Bc5 32. Rb1 Qd4 33. d6 Bxd6 34. Rd1 Qc5 35. Nxd6 cxd6 36. Qe7 Rc8 37. Rxd6 Rc7 38. Rd8+ Ka7 39. Qe8 Qc6 40. Qe5 Qc1+ 41. Kh2 Qc5 42. Qe4 Qc6 43. Qxh7 g5 44.
Qf5 Qc5 45. Qe4 Rb7 46. Rd5 Qb4 47. Qe8 1-0

[Event "*** Titled Tuesday Blitz"]
[Site "Chess.com"]
[Date "2021.03.30"]
[Round "7"]
[White "WanderingPuppet"]
[Black "Kotofeyca"]
[Result "0-1"]
[WhiteElo "2501"]
[BlackElo "2396"]
[TimeControl "180+1"]
[EndTime "11:18:50 PDT"]
[Termination "Kotofeyca won on time"]

1. e4 c5 2. Nf3 d6 3. d4 cxd4 4. Nxd4 Nf6 5. Nc3 a6 6. Be3 Ng4 7. Bg5 Nc6 8. Be2 Qb6 9. Bxg4 Qxd4 10. O-O Qxd1 11. Bxd1 e6 12. Be2 Be7 13. Be3 b5 14. a4 b4 15. Na2 Bb7 16. Rfd1 a5 17. c3 bxc3 18. Nxc3 O-O 19. f3 Nb4 20. Rd2 d5 21. exd5 Nxd5 22. Nxd5 Bxd5 23. Bd4 Rfb8 24. Bb5 Rc8 25.
Bc3 Rc7 26. Re1 Bg5 27. Rde2 h5 28. Re5 f6 29. R5e2 h4 30. h3 Bf4 31. Rd1 Kf7 32. Ra1 Bg3 33. Be1 Bxe1 34. Raxe1 Rac8 35. Rd2 Rc1 36. Rxc1 Rxc1+ 37. Kf2 Ke7 38. Ke3 Kd6 39. Kd3 g5 40. Ke3 Kc5 41. Kf2 Kb4 42. Ke3 Re1+ 43.
Kf2 Rb1 44. Ke3 Kb3 45. f4 Rxb2 46. Rd3+ Kb4 47. fxg5 fxg5 48. Rd4+ Kc5 49. Rg4 Rxg2 0-1

[Event "*** Titled Tuesday Blitz"]
[Site "Chess.com"]
[Date "2021.03.30"]
[Round "7"]
[White "ljuks68"]
[Black "ApoIogiA"]
[Result "1-0"]
[WhiteElo "2483"]
[BlackElo "2203"]
[TimeControl "180+1"]
[EndTime "11:18:51 PDT"]
[Termination "ljuks68 won by checkmate"]

1. e4 c5 2. Nf3 d6 3. d4 cxd4 4. Nxd4 Nf6 5. Nc3 a6 6. Bg5 e6 7. f4 Nbd7 8. Qf3 Qc7 9. O-O-O b5 10. Bd3 Qb6 11. Bxf6 Nxf6 12. e5 Bb7 13. Qh3 dxe5 14. fxe5 Nd5 15. Nxd5 Bxd5 16. Kb1 O-O-O 17. Nb3 a5 18. c4 bxc4 19. Bxc4 a4 20. Bxd5 axb3 21. Bxb3 Kb8 22. Rxd8+ Qxd8 23. Rd1 Qc7 24. Qd3 Bc5 25. Qb5+ Qb6 26. Qxb6+ Bxb6 27. Rd7 Rf8 28. Rd2 Bc7 29. Re2 Rd8 30. a3 Rd4 31. Bc2 g6 32. Rf2 Bxe5 33.
Rxf7 Rd2 34. a4 Rxg2 35. a5 Bd4 36. a6 Rxh2 37. Rb7+ Ka8 38. Be4 Re2 39. Bc6 Re1+ 40. Kc2 Re2+ 41. Kd3 Rc2 42. Kxc2 Ba7 43. Rd7+ Kb8 44.
Rb7+ Ka8 45. Rb5# 1-0

[Event "*** Titled Tuesday Blitz"]
[Site "Chess.com"]
[Date "2021.03.30"]
[Round "7"]
[White "ChronicUnhappiness"]
[Black "chessmadara"]
[Result "1-0"]
[WhiteElo "2346"]
[BlackElo "2206"]
[TimeControl "180+1"]
[EndTime "11:18:51 PDT"]
[Termination "ChronicUnhappiness won by resignation"]

1. d4 Nf6 2. c4 g6 3. Nc3 d5 4. Nf3 Bg7 5. Bg5 O-O 6. e3 dxc4 7. Bxc4 c5 8. dxc5 Qa5 9. Rc1 Qxc5 10. Qb3 Nc6 11. Qb5 Qxb5 12. Bxb5 Bg4 13. Bxc6 bxc6 14.
b3 h6 15. Bf4 g5 16. Be5 Rfd8 17. Ke2 Nd5 18. Bxg7 Kxg7 19. Rhd1 e5 20. h3 Bxf3+ 21.
gxf3 f5 22. Nxd5 cxd5 23. Rc5 Rac8 24. Rdxd5 Rxd5 25. Rxc8 Ra5 26. a4 Ra6 27. Rc5 Kf6 28. Kd3 Rb6 29. Kc4 Rd6 30. Ra5 a6 31. b4 Ke6 32. b5 axb5+ 33. axb5 Rd2 34. Ra6+ Kd7 35.
Rxh6 Rxf2 36. Kd5 Rxf3 37. Rh7+ Kc8 38. Kc6 Kd8 39. b6 Rxe3 40. b7 Rc3+ 41. Kd6 Rd3+ 42. Kxe5 Rb3 43. Kxf5 Rb5+ 44. Kg6 Ke8 45. Rc7 Kd8 46.
Rc8+ Kd7 47. b8=Q 1-0

[Event "*** Titled Tuesday Blitz"]
[Site "Chess.com"]
[Date "2021.03.30"]
[Round "7"]
[White "Tea99"]
[Black "Grieve72"]
[Result "0-1"]
[WhiteElo "2281"]
[BlackElo "2467"]
[TimeControl "180+1"]
[EndTime "11:18:52 PDT"]
[Termination "Grieve72 won by resignation"]

1. e4 c5 2. Nf3 e6 3. d4 cxd4 4. Nxd4 Nc6 5. Nc3 Qc7 6. Be3 a6 7. Be2 Nf6 8. O-O Bb4 9. Nxc6 bxc6 10. Na4 Rb8 11. Bd3 O-O 12. f4 c5 13. c3 c4 14.
Bc2 Be7 15. Bd4 Bb7 16. Qe2 d5 17. e5 Ne4 18. f5 exf5 19. Rxf5 Bc6 20. Raf1 Qd7 21.
b3 cxb3 22. axb3 Bb5 23. c4 Bc6 24. Kh1 g6 25. R5f4 Ng5 26. h4 Ne6 27. Rg4 dxc4 28. Bc3 cxb3 29. Bb1 Bb5 30. Qf2 Bxf1 31. Qxf1 Rb5 32.
Re4 Nc5 33. Rd4 Qc6 34. Nxc5 Rxc5 35. Bb2 Rd5 36. Rxd5 Qxd5 37. Qe1 Qb5 38. h5 Qb6 39. e6 Qxe6 40. Qc3 f6 41. hxg6 hxg6 42. Bxg6 Kg7 43.
Bd3 Rh8+ 44. Kg1 Qe5 45. Qxe5 fxe5 46. Bxe5+ Bf6 47. Bxf6+ Kxf6 48. Bb1 a5 49. Kf2 a4 50. Ke3 a3 51. Kd3 a2 0-1

[Event "*** Titled Tuesday Blitz"]
[Site "Chess.com"]
[Date "2021.03.30"]
[Round "7"]
[White "I_Enchev"]
[Black "azikom"]
[Result "0-1"]
[WhiteElo "2548"]
[BlackElo "2699"]
[TimeControl "180+1"]
[EndTime "11:18:56 PDT"]
[Termination "azikom won by resignation"]

1. d4 d5 2. c4 e6 3. Nc3 c6 4.
e3 Nf6 5. Nf3 Nbd7 6. Qc2 b6 7.
Bd3 Bb7 8. O-O Be7 9. b3 O-O 10. Bb2 Rc8 11. Rad1 Qc7 12. e4 dxe4 13. Nxe4 Nxe4 14.
Bxe4 Nf6 15. Bd3 c5 16. dxc5 Bxf3 17. gxf3 Qxc5 18. Bxf6 Bxf6 19. Bxh7+ Kh8 20. Be4 g6 21. Kh1 Rcd8 22. Rxd8 Rxd8 23. Rg1 Bg7 24. Rg3 Qe5 25.
Rg1 Rd7 26. Rd1 Rxd1+ 27. Qxd1 Qf4 28. Qf1 Be5 29. Qh3+ Kg7 30. Kg2 Qg5+ 31. Qg4 Qd2 32. Bc6 Qxa2 33. f4 Bf6 34. Qf3 Qd2 35. Be8 Qd8 36.
Bc6 a5 37. Bb5 Qd4 38. Be8 Be7 39. Bb5 Bd6 40. Qe3 Qxf4 41. Qxf4 Bxf4 42. h3 f5 43. Kf3 Bd6 44. Bd7 Kf6 45. Bc8 e5 46. Kg2 e4 47.
f3 e3 48. Kf1 f4 49. Ke2 Ke5 50. Bd7 g5 51. Ba4 Kd4 52. Bc6 Kc3 53. Ba4 Bc5 54. Ke1 Kd3 55. Bc6 Bb4+ 0-1

[Event "*** Titled Tuesday Blitz"]
[Site "Chess.com"]
[Date "2021.03.30"]
[Round "7"]
[White "The_Machine04"]
[Black "Legendinunknown"]
[Result "0-1"]
[WhiteElo "2429"]
[BlackElo "2593"]
[TimeControl "180+1"]
[EndTime "11:18:57 PDT"]
[Termination "Legendinunknown won on time"]

1. d4 d5 2. Bf4 Nf6 3. e3 g6 4. h4 Bg7 5. Nc3 h5 6. Nf3 Bg4 7. Be2 a6 8. Ne5 Bxe2 9. Qxe2 Nbd7 10. O-O-O e6 11. f3 Nxe5 12. Bxe5 Qd7 13. g4 Rh7 14. g5 Ng8 15. Bxg7 Rxg7 16. e4 O-O-O 17.
exd5 exd5 18. Rde1 f6 19. Qd2 Rf7 20. f4 Ne7 21. a3 Nf5 22. b3 Qd6 23. Kb2 c6 24. Na4 Kc7 25. Nc5 Ng7 26. Re2 Kb8 27. Rhe1 fxg5 28. fxg5 Ka7 29. Qd3 Rdf8 30. Re6 Nxe6 31. Rxe6 Qc7 32. Qxg6 Rf4 33. Qxh5 Rxd4 34. Nd3 Qg7 35.
Qh6 Rg8 36. Qxg7 Rxg7 37. Rh6 Re4 38. g6 d4 39. h5 Rh4 40. Ne5 Re7 41. Nd3 Kb6 42.
Rh8 Re2 43. a4 Rg2 44. Ka3 a5 45. b4 axb4+ 46. Kxb4 Ka7 47. a5 b6 48. Nc5 bxc5+ 49. Kxc5 Rg5+ 0-1

[Event "*** Titled Tuesday Blitz"]
[Site "Chess.com"]
[Date "2021.03.30"]
[Round "7"]
[White "shnitez"]
[Black "WisdomGame"]
[Result "1-0"]
[WhiteElo "2478"]
[BlackElo "2037"]
[TimeControl "180+1"]
[EndTime "11:18:57 PDT"]
[Termination "shnitez won by checkmate"]

1. c4 e5 2. Nc3 Nc6 3. Nf3 d6 4. d4 exd4 5. Nxd4 Nxd4 6. Qxd4 Nf6 7. g3 g6 8. Bg2 Bg7 9. O-O O-O 10. h3 Nd7 11.
Qd2 Ne5 12. b3 Re8 13. Bb2 c6 14. Rad1 Re6 15. Ne4 Bf8 16. f4 Nd7 17. f5 Re8 18. fxg6 hxg6 19. Nxd6 Bxd6 20. Qxd6 Rxe2 21. Ba1 Qe7 22.
Qd4 Qe3+ 23. Qxe3 Rxe3 24. g4 Re8 25. Rfe1 Rxe1+ 26. Rxe1 Kf8 27. h4 Nc5 28. Bf3 Be6 29. h5 gxh5 30. gxh5 Rd8 31. h6 Kg8 32. Kh2 Rd2+ 33.
Kg3 Kh7 34. Bg7 Rxa2 35. Rd1 Nd7 36. Be4+ f5 37. Bf3 Ra6 38. Rd6 c5 39. Rd2 Rb6 40.
Rd3 a5 41. Kf4 Bf7 42. Rxd7 Bg6 43. Rxb7 Rd6 44. Rb8 Rd4+ 45. Bxd4 cxd4 46. Kg5 Bf7 47. Rb7 Kg8 48. Bd5 Bxd5 49. cxd5 d3 50. Kg6 d2 51.
Rb8# 1-0

[Event "*** Titled Tuesday Blitz"]
[Site "Chess.com"]
[Date "2021.03.30"]
[Round "7"]
[White "xberli"]
[Black "Limelight2727"]
[Result "0-1"]
[WhiteElo "2494"]
[BlackElo "2364"]
[TimeControl "180+1"]
[EndTime "11:18:58 PDT"]
[Termination "Limelight2727 won on time"]

1. d4 Nf6 2. Nc3 d5 3. Bf4 c5 4. e3 Nc6 5. h3 a6 6. a3 e6 7. g4 cxd4 8. exd4 Bd6 9. Nge2 Bxf4 10. Nxf4 Qd6 11. Qd2 O-O 12. Bg2 Ne4 13. Nxe4 dxe4 14.
Bxe4 Qxd4 15. Qxd4 Nxd4 16. O-O-O e5 17. Nd3 f6 18. c3 Nc6 19. Nb4 Nxb4 20. axb4 a5 21. b5 a4 22. Kc2 f5 23. Bd5+ Kh8 24. g5 f4 25. Be4 Bf5 26. Bxf5 Rxf5 27. h4 e4 28. c4 Rc8 29. Rd4 Rxb5 30. Rxe4 Rb4 31. Rxf4 Rcxc4+ 32. Rxc4 Rxc4+ 33. Kd3 Rb4 34. Rc1 g6 35.
Rc4 Rxb2 36. f4 b5 37. Rc7 a3 38. Ra7 b4 39. Kd4 Re2 40. h5 gxh5 41. f5 Rg2 42. Ke5 Rxg5 43. Ra4 Rg8 44. f6 Re8+ 45. Kf5 h4 46. f7 Rf8 47. Ke6 h3 48. Rxb4 h2 49.
Rb1 a2 50. Ra1 Kg7 51. Rh1 Rxf7 52. Rxh2 Rf6+ 53. Ke7 a1=Q 54. Rg2+ Rg6 55. Rf2 Qa7+ 0-1

[Event "*** Titled Tuesday Blitz"]
[Site "Chess.com"]
[Date "2021.03.30"]
[Round "7"]
[White "Jospem"]
[Black "tptagain"]
[Result "1-0"]
[WhiteElo "2963"]
[BlackElo "2822"]
[TimeControl "180+1"]
[EndTime "11:19:00 PDT"]
[Termination "Jospem won by resignation"]

1. e4 c6 2. Nf3 d5 3. d3 g6 4. Nbd2 Bg7 5. g3 Nh6 6. Bg2 O-O 7. O-O a5 8. d4 a4 9. c3 f6 10. Re1 Nf7 11. exd5 cxd5 12. c4 e6 13. cxd5 exd5 14. Nb1 Nd7 15. Bd2 Re8 16. Bb4 Rxe1+ 17. Qxe1 Nb6 18. Nc3 Bd7 19. Bc5 Bc6 20. h4 Nd7 21. Ba3 Bf8 22. Bh3 Bxa3 23. bxa3 Nf8 24. Rb1 Qd6 25. Rb4 Re8 26. Qd1 Ne6 27. Qd3 f5 28. Kg2 f4 29. Nxa4 fxg3 30. fxg3 Ra8 31. Nb6 Ra6 32. Rb3 Ng7 33. Nc8 Qd8 34. Qe3 Nf5 35. Bxf5 gxf5 36. Ne7+ Kf8 37. Nxc6 Rxc6 38. Rxb7 Rc2+ 39.
Kh3 f4 40. Qe6 Rc7 41. Rxc7 Qxc7 42. Ne5 Nxe5 43. dxe5 f3 44. Qxd5 Qc3 45. Qd8+ Kf7 46. Qf6+ Ke8 47. Qf5 Qe3 48. e6 Ke7 49. Qf7+ Kd6 50.
e7 f2 51. e8=Q Qxe8 52. Qxf2 Qe6+ 53. Kh2 Qe4 54. Qf4+ 1-0

[Event "*** Titled Tuesday Blitz"]
[Site "Chess.com"]
[Date "2021.03.30"]
[Round "7"]
[White "poneis_malditos"]
[Black "geordie_derraugh"]
[Result "1-0"]
[WhiteElo "2297"]
[BlackElo "2444"]
[TimeControl "180+1"]
[EndTime "11:19:00 PDT"]
[Termination "poneis_malditos won by resignation"]

1. e4 c5 2. Nc3 Nc6 3. g3 g6 4. Bg2 Bg7 5. d3 d6 6. Be3 e6 7. Qd2 Nge7 8. Bh6 Bxh6 9. Qxh6 Qb6 10. O-O-O Bd7 11. Nge2 O-O-O 12. Qe3 Nd4 13. Kb1 e5 14. Nc1 Be6 15. Nd5 Nxd5 16. exd5 Bg4 17. f3 Bd7 18. c3 Nb5 19. Qd2 f5 20. Nb3 a5 21. c4 a4 22.
Nc1 Nd4 23. Ne2 Rde8 24. Nxd4 exd4 25. Rde1 a3 26. b3 Ba4 27. Qc2 Re3 28. Rxe3 dxe3 29. Re1 Re8 30. f4 Qb4 31. Re2 Kc7 32. Bf3 Bd7 33.
Qc1 Ba4 34. Kc2 b5 35. Rxe3 bxc4 36. Rxe8 cxd3+ 37. Kxd3 Qd4+ 38. Ke2 Bxe8 39. Kf1 Qb2 40. Qe1 Bb5+ 41. Kg1 Qxa2 42. Qa5+ Kc8 43. Qxb5 Qb1+ 44.
Kg2 Qb2+ 45. Kh3 a2 46. Qc6+ Kb8 47. Qxd6+ Kc8 48. Qe6+ Kb8 49. d6 a1=Q 50. Qe8+ Ka7 51. Qa8+ Kb6 52. Qc6+ Ka5 53. d7 Qf1+ 54. Bg2 Qfxg2+ 55. Qxg2 Qd4 56. Qa8+ Kb4 57. d8=Q Qxd8 58. Qxd8 Kxb3 59.
Qb6+ Kc4 60. Qc7 Kb4 61. Qxh7 c4 62. Qxg6 c3 63. Qxf5 1-0

[Event "*** Titled Tuesday Blitz"]
[Site "Chess.com"]
[Date "2021.03.30"]
[Round "7"]
[White "Ave_Mariia"]
[Black "BJthechessgod"]
[Result "0-1"]
[WhiteElo "2483"]
[BlackElo "2336"]
[TimeControl "180+1"]
[EndTime "11:19:01 PDT"]
[Termination "BJthechessgod won on time"]

1. d4 Nf6 2. c4 e6 3. g3 Be7 4. Bg2 O-O 5. Nf3 d5 6. O-O dxc4 7. Qc2 a6 8. a4 Bd7 9. Qxc4 Bc6 10. Bf4 Nbd7 11.
Nc3 Nb6 12. Qd3 Nfd5 13. a5 Nxf4 14. gxf4 Nd5 15. Nxd5 Qxd5 16. Rfe1 Qh5 17. e4 Rad8 18. Qe3 Bf6 19. Ne5 Bb5 20. Rac1 c6 21. Kh1 Be7 22. Rg1 f6 23. Bf3 Qe8 24. Nc4 Bxc4 25. Rxc4 Kh8 26. Be2 Qd7 27. Qg3 Bd6 28. e5 fxe5 29. fxe5 Bc7 30. Bf3 Bxa5 31. Be4 Bd2 32. Qh4 Bh6 33. Rd1 Rf4 34. Qg3 Rxe4 35. f3 Re2 36.
Qg4 Rf8 37. Qh4 Qd5 38. Rc3 Rxb2 39. Rf1 Rf4 40. Qe7 g6 41. Qe8+ Bf8 42. Rd3 Qc4 43.
Rfd1 Qc2 44. R1d2 Qc1+ 45. Rd1 Qc2 46. R1d2 Rb1+ 47. Kg2 Qc4 48. Kg3 g5 49. h4 Rg1+ 50. Kh2 Rf1 51. hxg5 R1xf3 52. Rxf3 Rxf3 53. Kg2 Qd5 54.
Rf2 Rf5+ 55. Kg1 Qxd4 0-1

[Event "*** Titled Tuesday Blitz"]
[Site "Chess.com"]
[Date "2021.03.30"]
[Round "7"]
[White "Michaelson_11"]
[Black "GAusal"]
[Result "1-0"]
[WhiteElo "2238"]
[BlackElo "2049"]
[TimeControl "180+1"]
[EndTime "11:19:01 PDT"]
[Termination "Michaelson_11 won by checkmate"]

1. e4 c5 2. Nc3 d6 3. d4 cxd4 4. Qxd4 Nc6 5. Qd2 g6 6. b3 Bh6 7. f4 Nf6 8. Bb2 e5 9. g3 O-O 10. Nge2 b5 11. Bg2 Qb6 12. Nd5 Nxd5 13. exd5 Ne7 14.
O-O-O a5 15. Kb1 Bf5 16. Nc3 Rac8 17. Ne4 Rc7 18. Qd3 Bxe4 19. Bxe4 f5 20. Bg2 e4 21. Qd2 Bg7 22. g4 Bxb2 23. Kxb2 Rfc8 24. Rc1 Qc5 25. gxf5 Nxf5 26. Bxe4 b4 27. Bxf5 Qc3+ 28. Qxc3 bxc3+ 29. Ka3 gxf5 30. Rhg1+ Kf7 31. Rg5 Kf6 32. Rcg1 Rc5 33. Rh5 Rxd5 34. Rh6+ Kf7 35. Rxh7+ Ke6 36. Rh6+ Kd7 37.
Rg7+ Kc6 38. Rhh7 Rd4 39. Ra7 Rxf4 40. Ra6+ Kd5 41. Rxa5+ Ke4 42. Ra4+ Kf3 43. Rh3+ Kg4 44. Rg3+ Kh4 45. Rxf4+ Kh5 46. Rxf5+ Kh6 47. Rf6+ Kh7 48. Rxd6 Ra8+ 49. Kb4 Rxa2 50. Kxc3 Ra8 51. Rd4 Rc8+ 52. Kd2 Re8 53. Rh4# 1-0

[Event "*** Titled Tuesday Blitz"]
[Site "Chess.com"]
[Date "2021.03.30"]
[Round "7"]
[White "akanga001"]
[Black "catzapto"]
[Result "0-1"]
[WhiteElo "1994"]
[BlackElo "2173"]
[TimeControl "180+1"]
[EndTime "11:19:01 PDT"]
[Termination "catzapto won on time"]

1. d4 Nf6 2. Nf3 e6 3. Bg5 d5 4. e3 c5 5. c3 Nc6 6. Bd3 Qb6 7.
Qc1 Be7 8. Nbd2 Bd7 9. O-O Rc8 10.
Re1 cxd4 11. exd4 O-O 12. a4 a5 13. Bb5 h6 14. Bh4 Rfd8 15. Qb1 Na7 16. Bf1 Nc6 17. Bb5 Na7 18. Bd3 Qc6 19. Ne5 Qc7 20. Ndf3 Nc6 21. Nxd7 Rxd7 22. Bb5 Rdd8 23. Bg3 Bd6 24. Bxd6 Qxd6 25.
Bxc6 bxc6 26. Ne5 Nd7 27. f4 Nxe5 28. fxe5 Qc7 29. Qd3 c5 30. dxc5 Qxc5+ 31. Re3 d4 32.
cxd4 Rxd4 33. Qe2 Re4 34. Re1 Rxe5 35. Qf3 Rxe3 36. Qxe3 Qxe3+ 37. Rxe3 Rc1+ 38. Kf2 Rc2+ 39. Re2 Rxe2+ 40. Kxe2 Kf8 41. Kd3 Ke7 42. Kc4 e5 43. Kb5 e4 44. Kc4 f5 45. Kd4 Kd6 46. g3 Kc6 47. h4 h5 48. b3 Kb6 49. Kc4 Kc6 50. Kd4 Kd6 51. Kc4 Ke5 52. b4 axb4 53. a5 Kd6 54.
Kxb4 Kc6 55. Kc4 Kb7 56. Kd4 Ka6 57. Ke5 e3 0-1